Map: Abiogenesis LE

Players

dacker - Winner!

  • Race: Zerg Zerg
  • League: Gold
  • Spawn Location: 5:00

Infamous

  • Race: Protoss Protoss
  • League: Gold
  • Spawn Location: 11:00

VOD

Have the link to the VOD?

Description

Time

  • Played on: April 19, 2018, 9:58 a.m.
  • Length: 16:06
Show
View Real Time Build Order
Export as new Build Order

dacker Zerg - Winner!

Build Orders: Hatch First, Lurkers, Swarm Host 

Get SALT Encoding   

  12  0:06  Drone  
  13  0:12  Drone  
  14  0:18  Overlord  
  14  0:38  Drone x2  
  14  0:40  Drone  
  17  0:50  Drone  
  18  1:04  Hatchery  
  17  1:17  Spawning Pool  
  16  1:23  Extractor  
  16  1:24  Drone x2  
  17  1:33  Drone  
  18  1:49  Drone x2  
  20  1:57  Overlord  
  20  2:16  Queen x2  
  20  2:18  Zergling x4  
  26  2:29  Roach Warren  
  25  2:35  Zergling x6  
  28  2:50  Overlord x2  
  28  2:52  Metabolic Boost  
  28  3:17  Extractor  
  27  3:21  Zergling x6  
  27  3:22  Roach x3  
  36  3:28  Drone x3  
  36  3:32  Drone  
  40  3:36  Drone  
  40  3:40  Drone  
  42  3:44  Drone  
  42  3:46  Drone  
  44  3:58  Lair  
  44  4:03  Spore Crawler  
  44  4:05  Spore Crawler  
  38  4:47  Roach x2  
  38  4:50  Overlord x4  
  34  5:20  Roach  
  34  5:21  Roach x3  
  40  5:37  Hydralisk Den  
  40  5:40  Zergling x8  
  43  6:02  Spore Crawler  
  42  6:10  Glial Reconstitution  
  42  6:17  Evolution Chamber  
  41  6:21  Evolution Chamber  
  28  7:03  Zergling x10  
  28  7:04  Zergling x10  
  36  7:13  Zerg Ground Armor Level 1, Zerg Missile Weapons Level 1  
  34  7:36  Drone x6, Lurker Den  
  39  7:40  Drone x3  
  35  8:03  Infestation Pit  
  34  8:05  Drone  
  34  8:06  Drone  
  34  8:08  Drone  
  34  8:09  Drone x5  
  42  8:14  Extractor  
  42  8:15  Extractor  
  40  8:33  Drone x4  
  44  8:45  Hatchery  
  43  8:48  Hydralisk x2  
  43  8:49  Hydralisk x4  
  43  8:55  Overseer  
  55  8:56  Overseer  
  55  8:58  Roach  
  55  8:59  Roach x3  
  63  9:17  Lurker x2  
  65  9:24  Swarm Host x2  
  65  9:25  Swarm Host  
  65  9:27  Overlord x4  
  74  9:50  Swarm Host x2  
  74  9:51  Swarm Host  
  83  10:07  Drone x2  
  83  10:08  Drone x3  
  88  10:14  Drone x2  
  90  10:27  Swarm Host x4  
  102  10:35  Extractor  
  101  10:37  Extractor  
  101  10:39  Zerg Missile Weapons Level 2  
  101  10:57  Drone x6  
  106  11:46  Overlord  
  106  11:47  Overlord x5  
  106  11:55  Spire  
  106  11:57  Spire  
  104  12:05  Drone x2  
  104  12:06  Drone x3  
  109  12:15  Zerg Ground Armor Level 2  
  109  12:18  Hive  
  109  12:19  Tunneling Claws  
  109  12:22  Grooved Spines  
  109  12:33  Hydralisk  
  109  12:34  Hydralisk x7  
  124  12:56  Zerg Melee Weapons Level 1  
  83  13:15  Mutalisk x5  
  80  13:20  Zergling x10  
  80  13:21  Zergling x4  
  87  13:33  Muscular Augments  
  84  13:54  Extractor  
  84  13:55  Hatchery  
  82  14:03  Hydralisk x3  
  82  14:04  Extractor, Hydralisk x5  
  97  14:44  Burrow  
  97  14:47  Lurker x2  
  99  14:59  Lurker x2  
  101  15:10  Spore Crawler  
  101  15:12  Spore Crawler  
  101  15:13  Spore Crawler  
  98  15:21  Drone x3  
  98  15:23  Drone x2  
  98  15:24  Drone  
  98  15:25  Drone  
  98  15:26  Drone x2  
  107  15:28  Drone x2  
  107  15:29  Drone  
Show
View Real Time Build Order
Export as new Build Order

Infamous Protoss 

Build Orders:  

Get SALT Encoding   

  12  0:01  Probe  
  13  0:15  Pylon  
  13  0:16  Probe  
  14  0:25  Probe  
  15  0:36  Gateway  
  15  0:39  Probe  
  16  0:52  Assimilator  
  16  0:54  Probe  
  17  1:01  Gateway  
  17  1:06  Probe  
  18  1:15  Zealot  
  18  1:18  Probe  
  21  1:32  Cybernetics Core  
  21  1:36  Probe  
  21  1:49  Assimilator  
  21  1:51  Pylon  
  21  1:55  Probe  
  22  2:03  Stalker  
  22  2:09  Stalker  
  22  2:15  Warp Gate  
  26  2:18  Probe  
  27  2:47  Probe  
  28  2:54  Stalker  
  28  2:55  Robotics Facility  
  30  2:59  Probe  
  31  3:21  Pylon  
  31  3:33  Twilight Council  
  31  3:39  Probe, Stalker  
  34  3:45  Observer  
  34  3:47  Adept  
  35  3:51  Probe, Nexus  
  38  4:14  Blink  
  27  5:16  Zealot x2  
  30  5:32  Nexus  
  30  5:34  Pylon  
  30  5:44  Pylon  
  30  5:50  Pylon  
  30  6:00  Pylon  
  30  6:02  Sentry x2  
  34  6:06  Gateway  
  34  6:07  Gateway  
  34  6:10  Gateway  
  34  6:25  Robotics Bay  
  34  6:29  Stalker x2  
  34  6:32  Probe  
  33  7:01  Stalker x2  
  33  7:05  Probe  
  34  7:13  Sentry x2  
  34  7:14  Sentry  
  40  7:17  Probe  
  40  7:21  Immortal  
  41  7:25  Probe x2  
  43  7:34  Probe  
  47  7:37  Probe  
  47  7:38  Assimilator  
  49  7:49  Probe  
  50  7:59  Sentry  
  50  8:03  Adept x3  
  58  8:18  Probe, Assimilator  
  59  8:24  Probe  
  59  8:26  Pylon  
  60  8:33  Observer  
  61  8:37  Forge  
  61  8:38  Forge  
  61  8:46  Colossus  
  61  9:01  Extended Thermal Lance  
  67  9:06  Adept x2  
  67  9:07  Adept x2  
  75  9:19  Probe, Zealot  
  75  9:22  Probe  
  79  9:32  Colossus  
  79  9:33  Protoss Ground Weapons Level 1  
  79  9:34  Probe  
  80  9:43  Protoss Ground Armor Level 1  
  80  9:45  Probe  
  86  10:06  Pylon  
  86  10:10  Resonating Glaives  
  86  10:30  Probe x2  
  86  10:32  Templar Archives  
  86  10:35  Gateway  
  88  10:36  Gateway  
  88  10:38  Gateway, Stalker x2  
  88  10:41  Sentry  
  94  11:21  Protoss Ground Armor Level 2, Protoss Ground Weapons Level 2  
  92  12:23  Pylon  
  92  12:25  Pylon  
  92  12:37  Dark Shrine  
  92  12:43  Probe x2  
  94  13:04  Warp Prism  
  91  13:05  Probe  
  64  13:22  Stalker x2  
  68  13:30  Probe x2  
  70  13:37  Pylon  
  70  13:38  Pylon  
  70  13:41  Observer  
  71  13:42  Probe  
  72  14:13  Gateway  
  72  14:14  Gateway  
  72  14:16  Gateway  
  56  14:47  Stalker x2  
  60  14:54  Colossus  
  66  15:07  Probe x2  
  68  15:26  Nexus  
  68  15:29  Pylon  
  68  15:31  Pylon  
  68  15:33  Pylon  
  68  15:37  High Templar x4  
  68  15:38  High Templar  
Tags
 
League
GoldGold
Matchup
PvZ
Replay Pack
Last Remnant (2)
Spawn Locations
Cross Positions
Add a new tag
Caveats
  • Supply blocks, unpowered buildings, or Contaminate may cause inaccurate times.
  • Supply counts are checked every 10 seconds.